PUBA
MOTLEY CRUE @ GLENAVON PIPERS
09/09/1972
 
TOP OF THE 1ST
Motley Crue batting - Pitching for Glenavon Pipers : RHP Sandy Vance
Pitching: RHP Sandy Vance
Batting: RHB Denny Jackson 0-0: Foul Ball, location: 5F
0-1: Ball
1-1: Ball
2-1: Ball
3-1: Foul Ball, location: 25F
3-2: SINGLE (Groundball, 3L, EV 103.8 MPH)
Batting: LHB Diego San Agustin 0-0: SINGLE (Line Drive, 7S, EV 104.4 MPH)
Denny Jackson to second
Batting: RHB Joe St. John 0-0: Ball
1-0: Ball
2-0: Called Strike
2-1: Ball
3-1: Base on Balls
Denny Jackson to third
Diego San Agustin to second
Batting: LHB Fred Henson 0-0: Ball
1-0: Foul Ball, location: 2F
1-1: Ball
2-1: Called Strike
Balk!
Denny Jackson scores
Diego San Agustin to third
Joe St. John to second
2-2: Ball
3-2: Foul Ball, location: 2F
3-2: Foul Ball, location: 5F
3-2: 3-RUN HOME RUN (Flyball, 9D, EV 96.9 MPH), Distance : 387 ft
Batting: RHB Richie Zisk 0-0: Called Strike
0-1: Ground out 5-3 (Groundball, 56S, EV 80.0 MPH)
Batting: RHB Mike Anderson 0-0: Ball
1-0: Called Strike
1-1: Foul Ball, location: 5FF
1-2: Ball
2-2: Ball
3-2: Ground out 5-3 (Groundball, 5, EV 87.5 MPH)
Batting: RHB Ed MacGregor 0-0: Ball
1-0: Called Strike
1-1: Ball
2-1: Foul Ball, location: 5SF
2-2: Fly out, F8 (Line Drive, 8RM, EV 96.3 MPH)
Top of the 1st over - 4 runs, 3 hits, 0 errors, 0 left on base; Motley 4 - Glenavon 0
BOTTOM OF THE 1ST
Glenavon Pipers batting - Pitching for Motley Crue : RHP Steve Busby
Pitching: RHP Steve Busby
Batting: LHB Shane Albright 0-0: Ball
1-0: Foul Ball, location: 2F
1-1: Called Strike
1-2: Fly out, F3 (Popup, 3SF, EV 63.8 MPH)
Batting: RHB Barton Rogers 0-0: Swinging Strike
0-1: Called Strike
0-2: Strikes out swinging
Batting: LHB Dave Ragland 0-0: Ball
1-0: Foul Ball, location: 3FF
1-1: Called Strike
1-2: Ball
2-2: DOUBLE (Line Drive, 7LD, EV 102.5 MPH)
Batting: LHB Rich Fletcher 0-0: Foul Ball, location: 2F
0-1: Ball
1-1: Ground out 4-3 (Groundball, 4, EV 101.3 MPH)
Bottom of the 1st over - 0 runs, 1 hit, 0 errors, 1 left on base; Motley 4 - Glenavon 0
TOP OF THE 2ND
Motley Crue batting - Pitching for Glenavon Pipers : RHP Sandy Vance
Batting: RHB Mike Taylor 0-0: Ball
1-0: Foul Ball, location: 3DF
1-1: Ground out 5-3 (Groundball, 56, EV 80.6 MPH)
Batting: SHB Brent Boyd 0-0: Foul Ball, location: 2F
0-1: Ball
1-1: Foul Ball, location: 7LSF
1-2: Foul Ball, location: 7LMF
1-2: Strikes out swinging
Batting: RHB Denny Jackson 0-0: Called Strike
0-1: Ball
1-1: Ball
2-1: Ground out 5-3 (Groundball, 56D, EV 97.5 MPH)
Top of the 2nd over - 0 runs, 0 hits, 0 errors, 0 left on base; Motley 4 - Glenavon 0
BOTTOM OF THE 2ND
Glenavon Pipers batting - Pitching for Motley Crue : RHP Steve Busby
Batting: RHB William Hill 0-0: Called Strike
0-1: Ball
1-1: Ball
2-1: Ground out 5-3 (Groundball, 56, EV 87.5 MPH)
Batting: RHB Gerald Bernard 0-0: Fly out, F9 (Flyball, 9LM, EV 98.8 MPH)
Batting: LHB Stu Taylor 0-0: Swinging Strike
0-1: Swinging Strike
0-2: Foul Ball, location: 2F
0-2: Ball
1-2: Reached on error, E4 (Groundball, 4, EV 101.3 MPH)
Batting: RHB Gunnar Wilson 0-0: Called Strike
0-1: Swinging Strike
0-2: Ball
1-2: Ball
2-2: Foul Ball, location: 2F
2-2: Strikes out swinging
Bottom of the 2nd over - 0 runs, 0 hits, 1 error, 1 left on base; Motley 4 - Glenavon 0
TOP OF THE 3RD
Motley Crue batting - Pitching for Glenavon Pipers : RHP Sandy Vance
Batting: LHB Diego San Agustin 0-0: Foul Ball, location: 2F
0-1: Ball
1-1: Ball
2-1: Ground out 1-3 (Groundball, P, EV 75.0 MPH)
Batting: RHB Joe St. John 0-0: Fly out, F4 (Line Drive, 4MD, EV 70.0 MPH)
Batting: LHB Fred Henson 0-0: Called Strike
0-1: Foul Ball, location: 2F
0-2: SOLO HOME RUN (Flyball, 9LD, EV 96.9 MPH), Distance : 331 ft
Batting: RHB Richie Zisk 0-0: Fly out, F9 (Flyball, 9, EV 89.4 MPH)
Top of the 3rd over - 1 run, 1 hit, 0 errors, 0 left on base; Motley 5 - Glenavon 0
BOTTOM OF THE 3RD
Glenavon Pipers batting - Pitching for Motley Crue : RHP Steve Busby
Batting: RHB Jim Miller 0-0: Ball
1-0: Called Strike
1-1: Ground out 3-1 (Groundball, 34, EV 99.4 MPH)
Batting: LHB Shane Albright 0-0: Ball
1-0: SINGLE (Line Drive, 3D, EV 102.5 MPH)
Batting: RHB Barton Rogers 0-0: Grounds into double play, 5-4-3 (Groundball, 56, EV 80.6 MPH)
Bottom of the 3rd over - 0 runs, 1 hit, 0 errors, 0 left on base; Motley 5 - Glenavon 0
TOP OF THE 4TH
Motley Crue batting - Pitching for Glenavon Pipers : RHP Sandy Vance
Batting: RHB Mike Anderson 0-0: SINGLE (Groundball, 6MD, EV 100.0 MPH)
Batting: RHB Ed MacGregor 0-0: Ball
1-0: Foul Ball, location: 9LSFF
1-1: Ball
2-1: Grounds into double play, 4-6-3 (Groundball, 4, EV 88.1 MPH)
Batting: RHB Mike Taylor 0-0: Swinging Strike
0-1: Called Strike
0-2: Ball
1-2: Strikes out swinging
Top of the 4th over - 0 runs, 1 hit, 0 errors, 0 left on base; Motley 5 - Glenavon 0
BOTTOM OF THE 4TH
Glenavon Pipers batting - Pitching for Motley Crue : RHP Steve Busby
Batting: LHB Dave Ragland 0-0: Ball
1-0: Ball
2-0: Ball
3-0: Called Strike
3-1: Foul Ball, location: 2F
3-2: Foul Ball, location: 3FF
3-2: Foul Ball, location: 2F
3-2: DOUBLE (Flyball, 89XD, EV 103.1 MPH)
Batting: LHB Rich Fletcher 0-0: Called Strike
0-1: Ball
1-1: Foul Ball, location: 23FF
1-2: Foul Ball, location: 2F
1-2: Strikes out swinging
Batting: RHB William Hill 0-0: Called Strike
0-1: Foul Ball, location: 2F
0-2: Ball
1-2: Foul Ball, location: 3F
1-2: SINGLE (Flyball, 8LS, EV 90.6 MPH)
Dave Ragland to third
Batting: RHB Gerald Bernard 0-0: Swinging Strike
0-1: SINGLE (Groundball, 56D, EV 96.9 MPH)
Dave Ragland scores
William Hill to second
Batting: LHB Stu Taylor 0-0: Swinging Strike
0-1: Swinging Strike
0-2: Ball
1-2: Strikes out swinging
Batting: RHB Gunnar Wilson 0-0: Swinging Strike
0-1: Foul Ball, location: 9LMF
0-2: SINGLE (Groundball, 4MD, EV 108.8 MPH)
William Hill to third
Gerald Bernard to second
Batting: RHB Jim Miller 0-0: Called Strike
0-1: Ball
1-1: Swinging Strike
1-2: Foul Ball, location: 7LMF
1-2: Strikes out looking
Bottom of the 4th over - 1 run, 4 hits, 0 errors, 3 left on base; Motley 5 - Glenavon 1
TOP OF THE 5TH
Motley Crue batting - Pitching for Glenavon Pipers : RHP Sandy Vance
Batting: SHB Brent Boyd 0-0: Ball
1-0: Ground out 1-3 (Groundball, 13S, EV 66.3 MPH)
Batting: RHB Denny Jackson 0-0: Ball
1-0: Foul Ball, location: 2F
1-1: Foul Ball, location: 2F
1-2: SINGLE (Groundball, 4D, EV 103.8 MPH)
Batting: LHB Diego San Agustin 0-0: Fielders Choice at 2nd, 6-4 (Groundball, 6M, EV 91.3 MPH)
Batting: RHB Joe St. John 0-0: Called Strike
Diego San Agustin is caught stealing 2nd base 2-4
Top of the 5th over - 0 runs, 1 hit, 0 errors, 0 left on base; Motley 5 - Glenavon 1
BOTTOM OF THE 5TH
Glenavon Pipers batting - Pitching for Motley Crue : RHP Steve Busby
Batting: LHB Shane Albright 0-0: Ground out 5-3 (Groundball, 5S, EV 80.0 MPH)
Batting: RHB Barton Rogers 0-0: Ball
1-0: Ball
2-0: Foul Ball, location: 2F
2-1: Ball
3-1: Ground out 4-3 (Groundball, 34, EV 102.5 MPH)
Batting: LHB Dave Ragland 0-0: Ball
1-0: Ball
2-0: Called Strike
2-1: Foul Ball, location: 2F
2-2: Ground out 6-3 (Groundball, 6, EV 80.0 MPH)
Bottom of the 5th over - 0 runs, 0 hits, 0 errors, 0 left on base; Motley 5 - Glenavon 1
TOP OF THE 6TH
Motley Crue batting - Pitching for Glenavon Pipers : RHP Sandy Vance
Batting: RHB Joe St. John 0-0: Ball
1-0: Ball
2-0: Swinging Strike
2-1: Ground out 5-3 (Groundball, 5S, EV 81.9 MPH)
Batting: LHB Fred Henson 0-0: Ball
1-0: Ball
2-0: Foul Ball, location: 2LF
2-1: Swinging Strike
2-2: Foul Ball, location: 7LSF
2-2: Foul Ball, location: 23FF
2-2: Foul Ball, location: 2F
2-2: Ball
3-2: Base on Balls
Batting: RHB Richie Zisk 0-0: Swinging Strike
0-1: Ball
1-1: Foul Ball, location: 7LMF
1-2: Foul Ball, location: 25F
1-2: Strikes out swinging
Batting: RHB Mike Anderson 0-0: Called Strike
0-1: Ball
1-1: Ground out 4-3 (Groundball, 4, EV 103.1 MPH)
Top of the 6th over - 0 runs, 0 hits, 0 errors, 1 left on base; Motley 5 - Glenavon 1
BOTTOM OF THE 6TH
Glenavon Pipers batting - Pitching for Motley Crue : RHP Steve Busby
Batting: LHB Rich Fletcher 0-0: Ball
1-0: Ball
2-0: Ball
3-0: Called Strike
3-1: SINGLE (Groundball, 4MD, EV 107.5 MPH)
Batting: RHB William Hill 0-0: Ball
1-0: Grounds into double play, 6-4-3 (Groundball, 6M, EV 78.1 MPH)
Batting: RHB Gerald Bernard 0-0: Foul Ball, location: 2F
0-1: Ball
1-1: Ground out 6-3 (Groundball, 6, EV 85.0 MPH)
Bottom of the 6th over - 0 runs, 1 hit, 0 errors, 0 left on base; Motley 5 - Glenavon 1
TOP OF THE 7TH
Motley Crue batting - Pitching for Glenavon Pipers : RHP Sandy Vance
Batting: RHB Ed MacGregor 0-0: Fly out, F9 (Line Drive, 9, EV 92.5 MPH)
Batting: RHB Mike Taylor 0-0: Called Strike
0-1: Ball
1-1: Ball
2-1: Ball
3-1: Base on Balls
Pitching: RHP Randy Moffitt
Batting: SHB Brent Boyd 0-0: Grounds into double play, 5-4-3 (Groundball, 56S, EV 80.6 MPH)
Top of the 7th over - 0 runs, 0 hits, 0 errors, 0 left on base; Motley 5 - Glenavon 1
BOTTOM OF THE 7TH
Glenavon Pipers batting - Pitching for Motley Crue : RHP Steve Busby
Batting: LHB Stu Taylor 0-0: Foul Ball, location: 3SF
0-1: Called Strike
0-2: Ball
1-2: Foul Ball, location: 2F
1-2: Ball
2-2: Ground out 6-3 (Groundball, 6, EV 90.0 MPH)
Batting: RHB Gunnar Wilson 0-0: Ball
1-0: Foul Ball, location: 9LDF
1-1: Ball
2-1: Foul Ball, location: 2F
2-2: Foul Ball, location: 5F
2-2: Foul Ball, location: 9LSF
2-2: Foul Ball, location: 9LSF
2-2: Ground out 4-3 (Groundball, 4, EV 105.0 MPH)
Batting: RHB Jim Miller 0-0: Called Strike
0-1: Ball
1-1: Swinging Strike
1-2: Ball
2-2: Ball
3-2: Foul Ball, location: 9LMF
3-2: Base on Balls
Batting: LHB Shane Albright 0-0: Ball
1-0: Foul Ball, location: 7LSF
1-1: Swinging Strike
1-2: Ball
2-2: Strikes out swinging
Bottom of the 7th over - 0 runs, 0 hits, 0 errors, 1 left on base; Motley 5 - Glenavon 1
TOP OF THE 8TH
Motley Crue batting - Pitching for Glenavon Pipers : RHP Randy Moffitt
Batting: RHB Denny Jackson 0-0: Called Strike
0-1: SINGLE (Line Drive, 5D, EV 104.4 MPH)
Batting: LHB Diego San Agustin 0-0: Ball
1-0: 2-RUN HOME RUN (Flyball, 9D, EV 94.4 MPH), Distance : 370 ft
Batting: RHB Joe St. John 0-0: Called Strike
0-1: Ball
1-1: Called Strike
1-2: SINGLE (Groundball, 4MD, EV 102.5 MPH)
Batting: LHB Fred Henson 0-0: Ball
1-0: Called Strike
1-1: Ball
2-1: Ball
3-1: Base on Balls
Joe St. John to second
Batting: RHB Richie Zisk 0-0: Called Strike
0-1: Ball
1-1: Ball
2-1: Called Strike
2-2: Ball
3-2: Base on Balls
Joe St. John to third
Fred Henson to second
Batting: RHB Mike Anderson 0-0: Called Strike
0-1: Swinging Strike
0-2: Strikes out looking
Batting: RHB Ed MacGregor 0-0: Called Strike
0-1: SINGLE (Groundball, 34D, EV 98.1 MPH)
Joe St. John scores
Fred Henson to third
Richie Zisk to second
Batting: RHB Mike Taylor 0-0: Ball
1-0: Foul Ball, location: 3F
1-1: Fly out, F8 (Flyball, 8LM, EV 88.1 MPH)
Batting: SHB Brent Boyd 0-0: Ball
1-0: Ball
Wild Pitch!
Fred Henson scores
Richie Zisk to third
Ed MacGregor to second
2-0: Ball
3-0: Base on Balls
Batting: RHB Denny Jackson 0-0: Ball
1-0: Ball
2-0: Ball
3-0: Called Strike
3-1: Swinging Strike
3-2: Strikes out swinging
Top of the 8th over - 4 runs, 4 hits, 0 errors, 3 left on base; Motley 9 - Glenavon 1
BOTTOM OF THE 8TH
Glenavon Pipers batting - Pitching for Motley Crue : RHP Steve Busby
Batting: RHB Barton Rogers 0-0: Ball
1-0: Ball
2-0: Ball
3-0: Fly out, F4 (Popup, 34S, EV 76.3 MPH)
Pinch Hitting: RHB José Díaz 0-0: Ball
1-0: Foul Ball, location: 2F
1-1: DOUBLE (Flyball, 8RD, EV 96.3 MPH)
Batting: LHB Rich Fletcher 0-0: Called Strike
0-1: Ball
1-1: Called Strike
1-2: Fly out, F8 (Flyball, 78S, EV 79.4 MPH)
Pinch Hitting: RHB Chris Lowe 0-0: Foul Ball, location: 9LMF
0-1: Ball
1-1: Ball
2-1: Foul Ball, location: 23F
2-2: Strikes out swinging
Bottom of the 8th over - 0 runs, 1 hit, 0 errors, 1 left on base; Motley 9 - Glenavon 1
TOP OF THE 9TH
Motley Crue batting - Pitching for Glenavon Pipers : RHP Randy Moffitt
Now at 1B: Ken Hill
Now in RF: Ivo Kratochvilov
Pinch Hitting: RHB George Hart 0-0: Ball
1-0: SINGLE (Line Drive, 78M, EV 108.1 MPH)
Pitching: RHP Terence Esparza -- NIP
Batting: RHB Joe St. John 0-0: Ball
1-0: Ball
2-0: Foul Ball, location: 2F
2-1: Foul Ball, location: 2F
2-2: Ball
3-2: Base on Balls
George Hart to second
Batting: LHB Fred Henson 0-0: Ball
1-0: Fly out, F6 (Popup, P, EV 86.3 MPH)
Batting: RHB Richie Zisk 0-0: Swinging Strike
0-1: Called Strike
0-2: Ball
1-2: Ball
2-2: Grounds into double play, 6-4-3 (Groundball, 6S, EV 86.3 MPH)
Top of the 9th over - 0 runs, 1 hit, 0 errors, 1 left on base; Motley 9 - Glenavon 1
BOTTOM OF THE 9TH
Glenavon Pipers batting - Pitching for Motley Crue : RHP Steve Busby
Now at 1B: George Hart
Batting: RHB Gerald Bernard 0-0: Fly out, F7 (Flyball, 7D, EV 102.5 MPH)
Batting: LHB Stu Taylor 0-0: Swinging Strike
0-1: Ball
1-1: SINGLE (Line Drive, 34D, EV 100.0 MPH)
Batting: RHB Gunnar Wilson 0-0: Ball
1-0: Foul Ball, location: 23F
1-1: Ball
2-1: Foul Ball, location: 9LMF
2-2: Fielders Choice at 2nd, 6-4 (Groundball, 6, EV 102.5 MPH)
Batting: RHB Jim Miller 0-0: Fly out, F9 (Flyball, 9, EV 93.1 MPH)
Bottom of the 9th over - 0 runs, 1 hit, 0 errors, 1 left on base; Motley 9 - Glenavon 1
Friday, May 3rd , 2024 - OOTP Baseball 24.8 Build 75